 Dungeon Crawl Stone Soup version 0.23.0 (webtiles) character file.

Game seed: 10697741999205692169

1759 tidbits the Charmwright (level 9, 1/69 HPs)
             Began as a Gnoll Skald on Feb 11, 2019.
             Quit the game on level 8 of the Dungeon.
             The game lasted 00:11:05 (1416 turns).

tidbits the Charmwright (Gnoll Skald)               Turns: 1416, Time: 00:11:06

Health: 1/69       AC:  3    Str: 14    XL:     9   Next: 6%
Magic:  15/18      EV: 16    Int: 18    God:
Gold:   170        SH:  0    Dex: 19    Spells: 6/20 levels left

rFire    . . .     SeeInvis .   b - +8 hand axe of the Warrior-Mage {venom, MR+ Dex+4}
rCold    . . .     Gourm    .   (no shield)
rNeg     . . .     Faith    .   m - +0 leather armour
rPois    .         Spirit   .   (no helmet)
rElec    .         Reflect  .   (no cloak)
rCorr    .         Harm     .   (no gloves)
MR       +....                  (no boots)
Stlth    +++.......             (no amulet)
HPRegen  0.21/turn              (no ring)
MPRegen  0.16/turn              (no ring)

@: no status effects
A: distributed training, fangs 1, strong nose
a: no special abilities


You were on level 8 of the Dungeon.
You were very full.

You visited 2 branches of the dungeon, and saw 9 of its levels.

You collected 170 gold pieces.

Inventory:

Hand Weapons
 a - a +0 spear
 b - the +8 hand axe of the Warrior-Mage (weapon) {venom, MR+ Dex+4}
   (You found it on level 6 of the Dungeon)

   It poisons the flesh of those it strikes.
   It affects your dexterity (+4).
   It affects your resistance to hostile enchantments.
 g - a +0 dagger
 k - a +2 hand axe of pain
   (You took it off an orc on level 6 of the Dungeon)
 s - a +0 shortbow
 v - a +0 trident
Missiles
 c - 13 stones
 l - 40 arrows
 u - 7 tomahawks (quivered)
Armour
 m - a +0 leather armour (worn)
Wands
 t - a wand of random effects (22)
 y - a wand of iceblast (3)
Scrolls
 f - 8 scrolls of identify
 h - a scroll of remove curse {unknown}
 i - a scroll of fog {unknown}
 n - a scroll of magic mapping {unknown}
 q - a scroll of immolation {unknown}
 w - a scroll of teleportation {unknown}
 A - a scroll of enchant armour {unknown}
 B - a scroll of enchant weapon
Potions
 e - a potion of curing {unknown}
 j - a potion of heal wounds {unknown}
 o - a potion of mutation {unknown}
 p - 2 potions of flight {unknown}
 r - a potion of ambrosia {unknown}
 x - 2 potions of agility {unknown}
 z - a potion of invisibility {unknown}
Comestibles
 d - 7 rations


   Skills:
 + Level 6.0 Fighting
 + Level 3.8 Short Blades
 + Level 3.8 Long Blades
 + Level 3.8 Axes
 + Level 3.8 Maces & Flails
 + Level 6.0 Polearms
 + Level 3.8 Staves
 + Level 3.8 Slings
 + Level 3.8 Bows
 + Level 3.8 Crossbows
 + Level 3.8 Throwing
 + Level 4.6 Armour
 + Level 6.0 Dodging
 + Level 3.8 Stealth
 + Level 3.8 Shields
 + Level 3.8 Unarmed Combat
 + Level 6.3 Spellcasting
 + Level 3.1 Conjurations
 + Level 3.1 Hexes
 + Level 6.3 Charms
 + Level 3.1 Summonings
 + Level 3.1 Necromancy
 + Level 3.1 Translocations
 + Level 3.1 Transmutations
 + Level 3.1 Fire Magic
 + Level 3.1 Ice Magic
 + Level 3.1 Air Magic
 + Level 3.1 Earth Magic
 + Level 3.1 Poison Magic
 + Level 4.1 Invocations
 + Level 3.8 Evocations


You had 6 spell levels left.
You knew the following spells:

 Your Spells              Type           Power        Failure   Level  Hunger
c - Conjure Flame         Conj/Fire      ###.....     12%         3    ##.....
g - Shroud of Golubria    Chrm/Tloc      ###.......   3%          2    None
i - Infusion              Chrm           ####         1%          1    None
r - Regeneration          Chrm/Necr      ###.......   6%          3    ##.....
w - Spectral Weapon       Hex/Chrm       ###.....     6%          3    ##.....
y - Song of Slaying       Chrm           ####....     1%          2    None

Your spell library contained the following spells:

 Spells                   Type           Power        Failure   Level  Hunger
 Confusing Touch          Hex            ###...       4%          1    None
 Magic Dart               Conj           ###.         4%          1    None
 Blink                    Tloc           N/A          6%          2    None
 Call Imp                 Summ           ###.....     6%          2    None
 Slow                     Hex            ###.....     6%          2    None
 Confuse                  Hex            ###.....     12%         3    ##.....
 Gell's Gravitas          Tloc           ###.......   12%         3    ##.....
 Mephitic Cloud           Conj/Pois/Air  ###.....     12%         3    ##.....
 Petrify                  Tmut/Erth      ###.....     36%         4    ####...
 Metabolic Englaciation   Hex/Ice        ###.......   73%         5    #####..
 Yara's Violent Unravell  Hex/Tmut       ###.......   73%         5    #####..


Dungeon Overview and Level Annotations

Branches:
Dungeon (8/15)             Temple (1/1) D:5            Lair (0/6) D:8

Altars:
Ashenzari
Gozag
Hepliaklqana
Kikubaaqudgha
Nemelex Xobeh
Okawaru
Qazlal
Ru
Wu Jian
Xom
Yredelemnul
The Shining One

Annotations:
D:4 Dowan


Innate Abilities, Weirdness & Mutations

Your experience applies equally to all skills.
You have very sharp teeth.
Your uncanny sense of smell can sniff out nearby items.


Message History

Unknown command.
Casting: Spectral Weapon (safe; 7% risk of failure)
Confirm with . or Enter, or press ? or * to list all spells.
You draw out your weapon's spirit!
Unknown command.
You slash the yak!
The yak is almost dead.
You hit the yak.
Your spectral weapon hits the yak.
A three-headed hydra comes into view.
The yak gores you. The yak gores you!
Unknown command.
You barely miss the yak. You bite the yak, but do no damage.
The yak is almost dead.
You hit the yak.
The yak is poisoned.
Your spectral weapon hits the yak but does no damage.
The yak is poisoned.
The yak barely misses you.
The dream sheep ruffles its wool and motes of dream dust sparkle, to no effect.
The yak gores you.
You slash the yak!
You kill the yak!
Your Conjurations skill increases to level 3!
Your Hexes skill increases to level 3!
Your Summonings skill increases to level 3!
Your Necromancy skill increases to level 3!
Your Translocations skill increases to level 3!
Your Transmutations skill increases to level 3!
Your Fire Magic skill increases to level 3!
Your Ice Magic skill increases to level 3!
Your Air Magic skill increases to level 3!
Your Earth Magic skill increases to level 3!
Your Poison Magic skill increases to level 3!
Your Invocations skill increases to level 4!
You hit the yak. The yak barely misses you. The yak closely misses you.
You barely miss the yak.
The yak is severely wounded.
Your spectral weapon hits the yak.
Your spectral weapon hits the dream sheep.
The dream sheep is poisoned.
Your spectral weapon hits the plant.
The dream sheep bites your spectral weapon.
Your spectral weapon shares its damage with you!
The yak misses you.
The dream sheep bites your spectral weapon but does no damage.
You chop one of the three-headed hydra's heads off!
The two-headed hydra grows two more!
You hit the four-headed hydra.
The four-headed hydra is poisoned.
The four-headed hydra is lightly wounded.
You hit the yak but do no damage.
The yak looks as sick as possible!
You closely miss the big kobold.
Your spectral weapon completely misses the four-headed hydra.
Your spectral weapon hits the dream sheep!
The dream sheep looks as sick as possible!
Your spectral weapon hits the plant but does no damage.
The plant is poisoned.
Your spectral weapon hits the yak.
The yak looks as sick as possible!
The yak gores you. The four-headed hydra misses you.
The four-headed hydra completely misses you.
The four-headed hydra bites you!
* * * LOW HITPOINT WARNING * * *
The four-headed hydra bites you.
* * * LOW HITPOINT WARNING * * *
The big kobold hits you with a +0 short sword of speed.
* * * LOW HITPOINT WARNING * * *
The dream sheep bites your spectral weapon but does no damage.
Unknown command.
You lop one of the four-headed hydra's heads off!
The three-headed hydra grows two more!
You hit the five-headed hydra.
The five-headed hydra is lightly wounded.
You barely miss the big kobold. You hit the yak but do no damage.
The yak looks as sick as possible!
Your spectral weapon hits the five-headed hydra!
Your spectral weapon slices one of the five-headed hydra's heads off!
The four-headed hydra grows two more!
The six-headed hydra looks as sick as possible!
Your spectral weapon hits the dream sheep.
The dream sheep looks as sick as possible!
Your spectral weapon hits the plant but does no damage.
Your spectral weapon hits the yak.
You kill the yak!
Your Fighting skill increases to level 6!
Your Polearms skill increases to level 6!
Your Dodging skill increases to level 6!
You have reached level 9!
Your experience leads to an increase in your attributes!
Your base attributes are Str 14, Int 17, Dex 15.
Increase (S)trength, (I)ntelligence, or (D)exterity?
You feel clever.
The big kobold hits you with a +0 short sword of speed.
* * * LOW HITPOINT WARNING * * *
The six-headed hydra misses you. The six-headed hydra bites you!
* * * LOW HITPOINT WARNING * * *
The six-headed hydra misses you.
The six-headed hydra closely misses you.
The six-headed hydra bites you!
* * * LOW HITPOINT WARNING * * *
The six-headed hydra closely misses you.
The dream sheep bites your spectral weapon.
Your spectral weapon shares its damage with you!
* * * LOW HITPOINT WARNING * * *
Unknown command.
Are you sure you want to abandon this character and quit the game? (Confirm with "yes".)

########### #.#
..........###.#
# #....))).#
#.##.##.#####
#....##.#
#.##..#.#
#####)####
#PP≈.≈K≈.#
#P≈...D@.#
#≈≈P...(.#
#P≈≈.%PY.#
#.≈P...†.#
#'###'''## #∆
#..... ∆+...%%#
#######


You could see a six-headed hydra, a big kobold, a dream sheep and a friendly
spectral +8 hand axe of the Warrior-Mage {venom, MR+ Dex+4}.

Vanquished Creatures
  A dream sheep (D:8)
  2 yaks (D:8)
  2 black bears
  2 phantoms (D:6)
  An ice beast (D:7)
  A centaur (D:5)
  2 ogres
  3 big kobolds (D:8)
  A bullfrog zombie (D:7)
  A crimson imp (D:6)
  3 hounds
  A centaur skeleton (D:5)
  2 orc priests
  A killer bee zombie (D:8)
  A hound zombie (D:6)
  7 adders
  2 shadow imps (D:7)
  An adder skeleton (D:6)
  3 leopard geckos
  12 orcs
  3 bats
  2 giant cockroaches (D:5)
  3 goblins
  2 hobgoblins
  2 jackals (D:5)
  A quokka (D:5)
  A frilled lizard (D:5)
  8 kobolds
  A leopard gecko zombie (D:5)
  A rat (D:2)
73 creatures vanquished.

Vanquished Creatures (others)
  A spectral weapon (D:6)
1 creature vanquished.

Grand Total: 74 creatures vanquished

Notes
Turn   | Place    | Note
-------+----------+-------------------------------------------
     0 | D:1      | tidbits the Gnoll Skald began the quest for the Orb.
     0 | D:1      | Reached XP level 1. HP: 20/20 MP: 6/6
   158 | D:2      | Reached XP level 2. HP: 25/26 MP: 1/7
   162 | D:2      | Learned a level 2 spell: Song of Slaying
   165 | D:2      | Learned a level 2 spell: Shroud of Golubria
   188 | D:2      | Reached XP level 3. HP: 20/31 MP: 1/9
   200 | D:2      | Reached skill level 5 in Spellcasting
   205 | D:2      | Learned a level 3 spell: Regeneration
   209 | D:2      | Learned a level 3 spell: Spectral Weapon
   324 | D:3      | Reached skill level 1 in Invocations
   363 | D:4      | Found a stormy altar of Qazlal.
   417 | D:4      | You fall through a shaft for 2 floors!
   421 | D:6      | Reached skill level 1 in Short Blades
   421 | D:6      | Reached skill level 1 in Long Blades
   421 | D:6      | Reached skill level 1 in Axes
   421 | D:6      | Reached skill level 1 in Maces & Flails
   421 | D:6      | Reached skill level 1 in Staves
   421 | D:6      | Reached skill level 1 in Slings
   421 | D:6      | Reached skill level 1 in Bows
   421 | D:6      | Reached skill level 1 in Crossbows
   421 | D:6      | Reached skill level 1 in Throwing
   421 | D:6      | Reached skill level 1 in Stealth
   421 | D:6      | Reached skill level 1 in Shields
   421 | D:6      | Reached skill level 1 in Unarmed Combat
   421 | D:6      | Reached skill level 1 in Evocations
   532 | D:6      | Noticed a phantom
   541 | D:6      | Reached XP level 4. HP: 31/38 MP: 4/11
   560 | D:6      | Reached skill level 1 in Conjurations
   560 | D:6      | Reached skill level 1 in Hexes
   560 | D:6      | Reached skill level 1 in Summonings
   560 | D:6      | Reached skill level 1 in Necromancy
   560 | D:6      | Reached skill level 1 in Translocations
   560 | D:6      | Reached skill level 1 in Transmutations
   560 | D:6      | Reached skill level 1 in Fire Magic
   560 | D:6      | Reached skill level 1 in Ice Magic
   560 | D:6      | Reached skill level 1 in Air Magic
   560 | D:6      | Reached skill level 1 in Earth Magic
   560 | D:6      | Reached skill level 1 in Poison Magic
   565 | D:6      | Killed a phantom
   565 | D:6      | Reached skill level 3 in Armour
   565 | D:6      | Reached XP level 5. HP: 25/43 MP: 4/12
   569 | D:6      | Got a crystal hand axe
   570 | D:6      | Identified the +8 hand axe of the Warrior-Mage {venom, MR+
                  | Dex+4} (You found it on level 6 of the Dungeon)
   588 | D:7      | Reached XP level 6. HP: 50/50 MP: 4/13
   634 | D:6      | Reached skill level 2 in Invocations
   684 | D:5      | Entered Level 5 of the Dungeon
   689 | D:5      | Reached skill level 5 in Fighting
   689 | D:5      | Reached skill level 2 in Short Blades
   689 | D:5      | Reached skill level 2 in Long Blades
   689 | D:5      | Reached skill level 2 in Axes
   689 | D:5      | Reached skill level 2 in Maces & Flails
   689 | D:5      | Reached skill level 5 in Polearms
   689 | D:5      | Reached skill level 2 in Staves
   689 | D:5      | Reached skill level 2 in Slings
   689 | D:5      | Reached skill level 2 in Bows
   689 | D:5      | Reached skill level 2 in Crossbows
   689 | D:5      | Reached skill level 2 in Throwing
   689 | D:5      | Reached skill level 5 in Dodging
   689 | D:5      | Reached skill level 2 in Stealth
   689 | D:5      | Reached skill level 2 in Shields
   689 | D:5      | Reached skill level 2 in Unarmed Combat
   689 | D:5      | Reached skill level 2 in Evocations
   702 | D:5      | Learned a level 3 spell: Conjure Flame
   732 | D:4      | Noticed a black bear
   739 | D:4      | Killed a black bear
   800 | D:4      | Noticed Dowan
   813 | D:5      | Reached XP level 7. HP: 56/56 MP: 6/15
   854 | D:5      | Found a staircase to the Ecumenical Temple.
   863 | Temple   | Entered the Ecumenical Temple
   902 | D:5      | Reached skill level 2 in Conjurations
   902 | D:5      | Reached skill level 2 in Hexes
   902 | D:5      | Reached skill level 2 in Summonings
   902 | D:5      | Reached skill level 2 in Necromancy
   902 | D:5      | Reached skill level 2 in Translocations
   902 | D:5      | Reached skill level 2 in Transmutations
   902 | D:5      | Reached skill level 2 in Fire Magic
   902 | D:5      | Reached skill level 2 in Ice Magic
   902 | D:5      | Reached skill level 2 in Air Magic
   902 | D:5      | Reached skill level 2 in Earth Magic
   902 | D:5      | Reached skill level 2 in Poison Magic
  1072 | D:6      | Reached skill level 3 in Invocations
  1152 | D:7      | Reached skill level 6 in Charms
  1152 | D:7      | Reached XP level 8. HP: 43/63 MP: 13/16
  1191 | D:7      | Reached skill level 3 in Short Blades
  1191 | D:7      | Reached skill level 3 in Long Blades
  1191 | D:7      | Reached skill level 3 in Axes
  1191 | D:7      | Reached skill level 3 in Maces & Flails
  1191 | D:7      | Reached skill level 3 in Staves
  1191 | D:7      | Reached skill level 3 in Slings
  1191 | D:7      | Reached skill level 3 in Bows
  1191 | D:7      | Reached skill level 3 in Crossbows
  1191 | D:7      | Reached skill level 3 in Throwing
  1191 | D:7      | Reached skill level 4 in Armour
  1191 | D:7      | Reached skill level 3 in Stealth
  1191 | D:7      | Reached skill level 3 in Shields
  1191 | D:7      | Reached skill level 3 in Unarmed Combat
  1191 | D:7      | Reached skill level 3 in Evocations
  1226 | D:7      | Found a hazy altar of Hepliaklqana.
  1341 | D:8      | Found a staircase to the Lair.
  1376 | D:8      | Reached skill level 6 in Spellcasting
  1404 | D:8      | Noticed a dream sheep
  1405 | D:8      | Noticed a dream sheep
  1405 | D:8      | Noticed a yak
  1405 | D:8      | Noticed a yak
  1408 | D:8      | Killed a dream sheep
  1410 | D:8      | Noticed a three-headed hydra
  1412 | D:8      | Killed a yak
  1412 | D:8      | Reached skill level 3 in Conjurations
  1412 | D:8      | Reached skill level 3 in Hexes
  1412 | D:8      | Reached skill level 3 in Summonings
  1412 | D:8      | Reached skill level 3 in Necromancy
  1412 | D:8      | Reached skill level 3 in Translocations
  1412 | D:8      | Reached skill level 3 in Transmutations
  1412 | D:8      | Reached skill level 3 in Fire Magic
  1412 | D:8      | Reached skill level 3 in Ice Magic
  1412 | D:8      | Reached skill level 3 in Air Magic
  1412 | D:8      | Reached skill level 3 in Earth Magic
  1412 | D:8      | Reached skill level 3 in Poison Magic
  1412 | D:8      | Reached skill level 4 in Invocations
  1415 | D:8      | Killed a yak
  1415 | D:8      | Reached skill level 6 in Fighting
  1415 | D:8      | Reached skill level 6 in Polearms
  1415 | D:8      | Reached skill level 6 in Dodging
  1415 | D:8      | Reached XP level 9. HP: 30/69 MP: 15/18
  1415 | D:8      | HP: 3/69 [six-headed hydra (16)]
  1415 | D:8      | HP: 1/69 [dream sheep (2)]
  1416 | D:8      | Quit the game

Skill      XL: |  1  2  3  4  5  6  7  8 |
---------------+-------------------------+-----
Spellcasting   | 5 6 |  6.3
Invocations    | 1 2 3 4 |  4.1
Short Blades   | 1 2 3 |  3.8
Long Blades    | 1 2 3 |  3.8
Axes           | 1 2 3 |  3.8
Maces & Flails | 1 2 3 |  3.8
Staves         | 1 2 3 |  3.8
Slings         | 1 2 3 |  3.8
Bows           | 1 2 3 |  3.8
Crossbows      | 1 2 3 |  3.8
Throwing       | 1 2 3 |  3.8
Stealth        | 1 2 3 |  3.8
Shields        | 1 2 3 |  3.8
Unarmed Combat | 1 2 3 |  3.8
Evocations     | 1 2 3 |  3.8
Conjurations   | 1 2 3 |  3.1
Hexes          | 1 2 3 |  3.1
Summonings     | 1 2 3 |  3.1
Necromancy     | 1 2 3 |  3.1
Translocations | 1 2 3 |  3.1
Transmutations | 1 2 3 |  3.1
Fire Magic     | 1 2 3 |  3.1
Ice Magic      | 1 2 3 |  3.1
Air Magic      | 1 2 3 |  3.1
Earth Magic    | 1 2 3 |  3.1
Poison Magic   | 1 2 3 |  3.1
Armour         | 3 4 |  4.6
Fighting       | 5 6 |  6.0
Polearms       | 5 6 |  6.0
Dodging        | 5 6 |  6.0
Charms         | 6 |  6.3

Action                   |  1- 3 |  4- 6 |  7- 9 || total
-------------------------+-------+-------+-------++-------
Melee: Spear             |    54 |    19 |       ||    73
       Bite              |     4 |     8 |     6 ||    18
       Hand axe          |       |    15 |    70 ||    85
       Punch             |       |       |     1 ||     1
Throw: Stone             |       |     1 |     1 ||     2
       Tomahawk          |       |       |     9 ||     9
 Cast: Infusion          |     4 |       |       ||     4
       Spectral Weapon   |     6 |     4 |    11 ||    21
       Song of Slaying   |     1 |     1 |     3 ||     5
       Regeneration      |       |     2 |     3 ||     5
       Shroud of Golubri |       |     1 |       ||     1
Evoke: Wand              |       |       |     2 ||     2
  Use: Potion            |       |     1 |       ||     1
       Scroll            |       |       |     1 ||     1
 Stab: Sleeping          |       |     1 |     1 ||     2
  Eat: Ration            |     1 |     1 |     1 ||     3
Armor: Leather armour    |     6 |     5 |     6 ||    17
Dodge: Dodged            |    27 |    21 |    45 ||    93

Table legend:
 A = Turns spent in this place as a percentage of turns spent in the entire game.
 B = Non-inter-level travel turns spent in this place as a percentage of non-inter-level travel turns spent in the entire game.
 C = Inter-level travel turns spent in this place as a percentage of turns spent in this place.
 D = Turns resting spent in this place as a percentage of non-inter-level travel turns spent in this place.
 E = Turns spent auto-exploring this place as a percentage of non-inter-level travel turns spent in this place.
 F = Non-inter-level travel turns spent in this place divided by the number of levels of this place that you've seen.
                   A       B       C       D       E      F
               +-------+-------+-------+-------+-------+----------------------
         Total | 100.0 | 100.0 |   0.0 |   0.0 |   0.0 | 157.3
       Dungeon |  98.4 |  98.4 |   0.0 |   0.0 |   0.0 | 174.2
        Temple |   1.6 |   1.6 |   0.0 |   0.0 |   0.0 |  22.0
               +-------+-------+-------+-------+-------+----------------------

Table legend:
 A = Kills in this place as a percentage of kills in entire the game.
 B = Kills by you in this place as a percentage of kills by you in the entire game.
 C = Kills by friends in this place as a percentage of kills by friends in the entire game.
 D = Other kills in this place as a percentage of other kills in the entire game.
 E = Experience gained in this place as a percentage of experience gained in the entire game.
 F = Experience gained in this place divided by the number of levels of this place that you have seen.
                   A       B       C       D       E      F
               +-------+-------+-------+-------+-------+----------------------
         Total | 100.0 | 100.0 |   N/A |   N/A | 100.0 | 279.2
       Dungeon | 100.0 | 100.0 |   N/A |   N/A | 100.0 | 314.1
               +-------+-------+-------+-------+-------+----------------------

Levels and vault maps discovered:
D:1:      sevenhm_arrival_forest_fort_small_3, layout_basic, minmay_tetromino_s2
D:2:      layout_loops_ring, first_ration, minmay_vboxes
D:3:      layout_basic, lemuel_doored_altar, hangedman_decor_points
D:4:      layout_loops_corners, grunt_qazlal_sundering, uniq_crazy_yiuf_cottage,
          uniq_duvessa, uniq_edmund
D:5:      layout_rooms, eat_drink_and_be_merry_uskayaw,
          minmay_temple_entry_statues_pillars
D:6:      layout_loops_corners, minmay_statues_item
D:7:      layout_loops_ring, elyvilon_altar_4, grunt_temple_overflow_open,
          lemuel_coloured_pillars_altar
D:8:      layout_loops_cross, dpeg_oklobed_lair, hangedman_ranch
          [blue_anna_fruit_fields]
Temple:   eino_temple_lava
